 Dungeon Crawl Stone Soup version 0.19.1 (webtiles) character file.

1371 glosham the Grappler (level 8, 0/78 HPs)
             Began as a Troll Berserker on Dec 1, 2016.
             Was a Believer of Trog.
             Slain by a gnoll
             ... wielding a +0 halberd
              (7 damage)
             ... on level 10 of the Dungeon.
             The game lasted 00:21:14 (1021 turns).

glosham the Grappler (Troll Berserker)              Turns: 1021, Time: 00:21:14

Health: 0/78       AC:  6    Str: 26    XL:     8   Next: 38%
Magic:  7/7        EV:  6    Int:  3    God:    Trog [**....]
Gold:   122        SH: 14    Dex: 11    Spells: 0 memorised, 7 levels left

rFire  . . .     SeeInvis +       - Unarmed
rCold  . . .     Gourm    +     a - +0 animal skin
rNeg   . . .     Faith    .     Z - +0 large shield
rPois  .         Spirit   .     (helmet restricted)
rElec  .         Reflect  .     Y - +0 cloak
rCorr  +         Harm     .     (gloves unavailable)
MR     .....                    (boots unavailable)
Stlth  +.........               (no amulet)
                                B - ring of resist corrosion
                                A - ring of see invisible

@: exhausted, slowed, very slow
A: unfitting armour, claws 3, fast metabolism 3, gourmand, regeneration 1,
shaggy fur 1, tough skin 2
a: Berserk, Trog's Hand, Burn Spellbooks, Renounce Religion


You were on level 10 of the Dungeon.
You worshipped Trog.
Trog was pleased with you.
You were not hungry.

You visited 1 branch of the dungeon, and saw 10 of its levels.

You collected 122 gold pieces.

Inventory:

Armour
 a - a +0 animal skin (worn)
 Y - a +0 cloak (worn)
 Z - a +0 large shield (worn)
Jewellery
 A - a ring of see invisible (left claw)
 B - a ring of resist corrosion (right claw)
Wands
 g - a wand of acid (9/15)
Scrolls
 c - a scroll of remove curse
 d - a scroll of enchant weapon
 k - a scroll of recharging
Potions
 e - 2 potions of brilliance {unknown}
 f - a potion of might {unknown}
 h - a potion of lignification {unknown}
 i - a potion of cure mutation {unknown}
 j - a potion of flight {unknown}
 l - 3 potions of curing
 o - 2 potions of ambrosia
 p - a potion of magic {unknown}
 q - a potion of cancellation {unknown}
Books
 n - a book of Necromancy

   Spells                             Type                      Level
   a - Pain                           Necromancy                   1
   b - Animate Skeleton               Necromancy                   1
   c - Vampiric Draining              Necromancy                   3
   d - Regeneration                   Charms/Necromancy            3
   e - Animate Dead                   Necromancy                   4
   f - Control Undead                 Necromancy                   4
   Trog disapproves of the use of such an item.
Comestibles
 b - 5 bread rations


   Skills:
 + Level 3.8 Fighting
 - Level 2.4 Dodging
 + Level 2.7 Shields
 * Level 9.5 Unarmed Combat


You had 7 spell levels left.
You didn't know any spells.

Dungeon Overview and Level Annotations

Branches:
Dungeon (10/15)
 Temple: D:4-7         Lair: D:8-11         Orc: D:9-12

Altars:
Kikubaaqudgha
The Shining One


Innate Abilities, Weirdness & Mutations

You are too large for most types of armour.
You have claws for hands.
Your metabolism is lightning-fast.
You like to eat raw meat.
Your natural rate of healing is unusually fast.
You are covered in fur. (AC +1)
You have very tough skin. (AC +2)


Message History

The gnoll hits you from afar with a halberd!
The warg barely misses you.
A hound and an orc come into view.
The hound barks!
You claw the orc priest!
The orc priest is severely wounded.
The howler monkey skeleton hits you. The quokka bites you.
The orc priest hits you but does no damage.
The warg completely misses you. You block the gnoll's attack. x2
You scratch the orc priest but do no damage.
The orc priest is severely wounded.
You block the quokka's attack. The warg bites you!
You block the howler monkey skeleton's attack.
The orc priest hits you with a whip. The gnoll closely misses you.
You block the gnoll's attack. The quokka closely misses you.
The warg bites you but does no damage.
The howler monkey skeleton barely misses you.
The orc priest looks satisfied for a moment.
The orc hits you with a war axe!
A scorpion comes into view.
You mangle the orc priest!!
You kill the orc priest!
Trog accepts your kill. You block the warg's attack.
You block the quokka's attack.
The gnoll hits you from afar with a halberd!
* * * LOW HITPOINT WARNING * * *
The gnoll hits you from afar with a halberd!
* * * LOW HITPOINT WARNING * * *
The howler monkey skeleton hits you but does no damage.
The warg bites you!
* * * LOW HITPOINT WARNING * * *
The quokka bites you but does no damage.
The orc hits you but does no damage.
An orc wizard comes into view. It is wielding a dagger.
It was a potion of curing.
You feel better.
The orc wizard shouts!
The warg barely misses you. The howler monkey skeleton hits you.
* * * LOW HITPOINT WARNING * * *
The gnoll hits you from afar with a halberd!
You die... #..[....# ..#.. ##.......# .... .........# ..# ........#####..## #.....o.......# #.............# #...s.........# #.o)#####.....# #.h@# #.....# #gZr+

#.........
......g.h#
#.........
.........#
#.........
##
.........#
#.......## .
..........
#.......# ♣#
...........
........# .#
...........
........# ♣
............


You could see a warg, a scorpion, a hound, an orc wizard, 2 gnolls, an orc, a
quokka and a howler monkey skeleton.

Vanquished Creatures
  Grinder (D:6)
  3 yaks (D:10)
  A sky beast (D:8)
  A phantom (D:6)
  A necrophage (D:8)
  A centaur (D:7)
  A scorpion (D:4)
  A howler monkey (D:10)
  2 crimson imps (D:6)
  A quasit (D:8)
  A bullfrog skeleton (D:7)
  An orc priest (D:10)
  An iguana (D:4)
  A worker ant (D:5)
  A hound skeleton (D:6)
  A worker ant zombie (D:7)
  An adder (D:2)
  A gnoll (D:10)
  5 dart slugs
  3 leopard geckos
  An orc (D:4)
  2 bats
  3 giant cockroaches
  4 goblins
  A hobgoblin (D:1)
  A jackal (D:4)
  3 kobolds
  A frilled lizard (D:2)
  A jackal skeleton (D:4)
  5 rats
51 creatures vanquished.

Notes
Turn   | Place    | Note
-------+----------+-------------------------------------------
     0 | D:1      | glosham the Troll Berserker began the quest for the Orb.
     0 | D:1      | Reached XP level 1. HP: 22/22 MP: 0/0
    76 | D:1      | Reached XP level 2. HP: 29/29 MP: 1/1
   228 | D:1      | Reached skill level 4 in Unarmed Combat
   306 | D:1      | You fall through a shaft!
   316 | D:2      | Reached XP level 3. HP: 33/36 MP: 2/2
   365 | D:1      | Reached ** piety under Trog
   423 | D:4      | Reached XP level 4. HP: 34/44 MP: 3/3
   546 | D:4      | Reached skill level 5 in Unarmed Combat
   594 | D:5      | Entered Level 5 of the Dungeon
   606 | D:5      | Reached XP level 5. HP: 50/50 MP: 4/4
   632 | D:4      | Found an ancient bone altar of Kikubaaqudgha.
   684 | D:6      | Reached skill level 6 in Unarmed Combat
   695 | D:6      | Noticed Grinder
   721 | D:6      | Paralysed by Grinder for 4 turns
   728 | D:6      | Noticed a phantom
   733 | D:6      | Killed Grinder
   733 | D:6      | Reached skill level 7 in Unarmed Combat
   733 | D:6      | Reached XP level 6. HP: 21/59 MP: 5/5
   743 | D:6      | Reached skill level 8 in Unarmed Combat
   743 | D:6      | Reached XP level 7. HP: 18/66 MP: 6/6
   879 | D:8      | Reached skill level 3 in Fighting
   957 | D:10     | Entered Level 10 of the Dungeon
   980 | D:10     | Found a glowing golden altar of the Shining One.
   989 | D:10     | Noticed a yak
   990 | D:10     | Noticed a yak
   991 | D:10     | Noticed a yak
   996 | D:10     | Killed a yak
   996 | D:10     | Reached skill level 2 in Shields
  1004 | D:10     | Killed a yak
  1004 | D:10     | Reached skill level 9 in Unarmed Combat
  1004 | D:10     | Reached XP level 8. HP: 75/75 MP: 7/7
  1020 | D:10     | HP: 4/78 [warg (8)]
  1021 | D:10     | Slain by a gnoll

Skill      XL: |  1  2  3  4  5  6  7 |
---------------+----------------------+-----
Unarmed Combat | 4 5 7 8 9 |  9.5
Fighting       | 3 |  3.8
Shields        | 2 |  2.7
Dodging        | |  2.4

Action                   |  1- 3 |  4- 6 |  7- 9 || total
-------------------------+-------+-------+-------++-------
Melee: Unarmed           |    66 |    45 |    37 ||   148
       Punch             |       |     1 |     2 ||     3
Invok: Berserk           |       |       |     2 ||     2
  Use: Scroll            |     3 |     1 |     6 ||    10
       Potion            |       |       |     1 ||     1
  Eat: Chunk             |     9 |       |       ||     9
Armor: Animal skin       |    17 |    12 |    12 ||    41
Dodge: Dodged            |    21 |    13 |    15 ||    49
Block: Large shield      |       |       |    18 ||    18

Table legend:
 A = Turns spent in this place as a percentage of turns spent in the entire game.
 B = Non-inter-level travel turns spent in this place as a percentage of non-inter-level travel turns spent in the entire game.
 C = Inter-level travel turns spent in this place as a percentage of turns spent in this place.
 D = Turns resting spent in this place as a percentage of non-inter-level travel turns spent in this place.
 E = Turns spent auto-exploring this place as a percentage of non-inter-level travel turns spent in this place.
 F = Non-inter-level travel turns spent in this place divided by the number of levels of this place that you've seen.
                   A       B       C       D       E      F
               +-------+-------+-------+-------+-------+----------------------
         Total | 100.0 | 100.0 |   0.0 |   0.6 |   0.0 |  94.3
       Dungeon | 100.0 | 100.0 |   0.0 |   0.6 |   0.0 |  94.3
               +-------+-------+-------+-------+-------+----------------------

Table legend:
 A = Kills in this place as a percentage of kills in entire the game.
 B = Kills by you in this place as a percentage of kills by you in the entire game.
 C = Kills by friends in this place as a percentage of kills by friends in the entire game.
 D = Other kills in this place as a percentage of other kills in the entire game.
 E = Experience gained in this place as a percentage of experience gained in the entire game.
 F = Experience gained in this place divided by the number of levels of this place that you have seen.
                   A       B       C       D       E      F
               +-------+-------+-------+-------+-------+----------------------
         Total | 100.0 | 100.0 |  -nan |  -nan | 100.0 | 195.9
       Dungeon | 100.0 | 100.0 |  -nan |  -nan | 100.0 | 195.9
               +-------+-------+-------+-------+-------+----------------------

Vault maps used:
D:1:      lightli_arrival_maybe_door_vault
D:2:      supply_closet_lemuel
D:3:      cheibrodos_gnoll_hut
D:4:      kiku_gazebo_garden_becter, serial_shops, shop, kennysheep_potato,
          uniq_menkaure
D:5:      first_bread
D:6:      minitemple, uniq_eustachio, uniq_grinder
D:7:      minmay_misc_feat_square, the_bakery
D:8:      hex_tiny, nicolae_ru_sacrificial_ziggurat, uniq_psyche,
          uniq_prince_ribbit1
D:10:     erik_lair_orcish_takeover, orc_david_3, basic_altar, serial_shops,
          nicolae_shop_stone, tso_altar
